 Dungeon Crawl Stone Soup version 0.23.0-42-geed6394 (webtiles) character file.

Game seed: 6374289668222101161

411 Lanoc the Grasshopper (level 6, -5/76 HPs)
             Began as a Draconian Warper on Feb 28, 2019.
             Slain by an ice beast (10 damage)
             ... on level 5 of the Dungeon.
             The game lasted 00:07:45 (3226 turns).

Lanoc the Grasshopper (Draconian Warper)            Turns: 3226, Time: 00:07:47

Health: -5/76      AC: 23    Str: 14    XL:     6   Next: 58%
Magic:  9/10       EV:  2    Int: 14    God:
Gold:   115        SH:  6    Dex: 16    Spells: 7/11 levels left

rFire    . . .     SeeInvis .   m - +0 long sword
rCold    . . .     Gourm    .   g - +2 buckler
rNeg     + + +     Faith    +   (armour unavailable)
rPois    +         Spirit   .   (helmet currently unavailable)
rElec    .         Reflect  .   (cloak currently unavailable)
rCorr    .         Harm     .   (gloves currently unavailable)
MR       .....     NoTele   +   (boots currently unavailable)
Stlth    ++........             j - amulet of faith
HPRegen  0.22/turn              (no ring)
MPRegen  0.12/turn              (no ring)

@: agile, tree-form
A: unfitting armour, AC +6
a: no special abilities


You were on level 5 of the Dungeon.
You were not hungry.
You were a tree.
You visited 1 branch of the dungeon, and saw 5 of its levels.

You collected 115 gold pieces.

Inventory:

Hand Weapons
 m - a +0 long sword (weapon)
Armour
 g - a +2 buckler (worn)
Jewellery
 j - an amulet of faith (around neck)
Scrolls
 a - a scroll of teleportation {unknown}
 b - 4 scrolls of enchant armour {unknown}
 c - a scroll of blinking
 i - 2 scrolls of identify {unknown}
 k - a scroll of random uselessness {unknown}
 l - a scroll of remove curse {unknown}
Potions
 d - a potion of mutation {unknown}
 e - a potion of haste
 h - a potion of might {unknown}
 n - a potion of lignification
 o - a potion of agility
Comestibles
 f - 6 rations
 p - 9 chunks of flesh


   Skills:
 + Level 3.3 Fighting
 * Level 3.9 Long Blades
 - Level 1.0 Throwing
 + Level 3.2 Dodging
 + Level 2.2 Shields
 + Level 3.0 Spellcasting
 * Level 4.1 Translocations


You had 7 spell levels left.
You knew the following spells:

 Your Spells              Type           Power        Failure   Level  Hunger
a - Blink                 Tloc           N/A          7%          2    ##.....
b - Shroud of Golubria    Chrm/Tloc      #.........   17%         2    ##.....

Your spell library contained the following spells:

 Spells                   Type           Power        Failure   Level  Hunger
 Gell's Gravitas          Tloc           ##........   14%         3    ###....
 Lesser Beckoning         Tloc           ##........   14%         3    ###....
 Teleport Other           Tloc           ##......     14%         3    ###....
 Passage of Golubria      Tloc           N/A          43%         4    #####..


Dungeon Overview and Level Annotations

Branches:
Dungeon (5/15)
 Temple: D:4-7

Altars:
Nemelex Xobeh


Innate Abilities, Weirdness & Mutations

((Your plain brown scales are hard. (AC +6)))
You cannot fit into any form of body armour.
((You are cold-blooded and may be slowed by cold attacks.))


Message History

It was a potion of agility.
You feel agile all of a sudden.
You feel yourself speed up.
Your shroud begins to fray at the edges.
You block the ice beast's attack. x2
You hit the ice beast.
The ice beast is heavily wounded.
You block the ice beast's attack.
You hit the ice beast.
The ice beast is heavily wounded.
The ice beast hits you but does no damage.
You hit the ice beast.
The ice beast is severely wounded.
You block the ice beast's attack.
You barely miss the ice beast.
The ice beast is severely wounded.
Your shroud unravels.
The ice beast hits you.
* * * LOW HITPOINT WARNING * * *
The ice beast freezes you!
You die...

. .. .## .# ...
..# ..# #.# #
##.##..# #.#
#.##...#..#
#.####.#.......#
#.........Y....##
#######..#
#..♣.....#
.........#
##...#...#
...####.## ##.##
.# ...####.# #.#
......#.# #.#
#.###.#.# #.# #.
#.#(########.# #.
#.....÷......# #.
###.##########


You could see an ice beast.

Vanquished Creatures
  A sky beast (D:5)
  A phantom (D:4)
  2 crimson imps (D:5)
  A bullfrog skeleton (D:4)
  Jessica (D:2)
  5 adders
  An ooze (D:3)
  3 worms (D:2)
  A dart slug (D:2)
  2 leopard geckos
  3 orcs
  A giant cockroach (D:3)
  3 goblins (D:2)
  6 hobgoblins
  4 jackals (D:5)
  5 kobolds
  3 quokkas
  3 ball pythons
  2 bats
  2 frilled lizards (D:3)
  A leopard gecko skeleton (D:4)
  2 rats
53 creatures vanquished.

Notes
Turn   | Place    | Note
-------+----------+-------------------------------------------
     0 | D:1      | Lanoc the Draconian Warper began the quest for the Orb.
     0 | D:1      | Reached XP level 1. HP: 17/17 MP: 3/3
   207 | D:2      | Noticed Jessica
   214 | D:2      | Killed Jessica
   214 | D:2      | Reached XP level 2. HP: 24/25 MP: 5/5
   214 | D:2      | Reached XP level 3. HP: 29/30 MP: 6/6
   226 | D:2      | Learned a level 2 spell: Blink
   229 | D:2      | Learned a level 2 spell: Shroud of Golubria
   529 | D:2      | Reached skill level 1 in Shields
   589 | D:2      | HP: 1/30 [worm (11)]
   931 | D:2      | Reached skill level 1 in Throwing
  1091 | D:2      | Found a sparkling altar of Nemelex Xobeh.
  1120 | D:2      | Reached XP level 4. HP: 22/37 MP: 7/7
  1953 | D:4      | Noticed a slave
  1955 | D:4      | Noticed a slave
  1959 | D:4      | Noticed a slave
  1986 | D:4      | Reached XP level 5. HP: 30/44 MP: 8/8
  2085 | D:4      | Noticed a phantom
  2164 | D:4      | HP: 1/44 [phantom (5)]
  2166 | D:4      | Killed a phantom
  2579 | D:5      | Entered Level 5 of the Dungeon
  2588 | D:5      | Reached XP level 6. HP: 9/51 MP: 10/10
  2711 | D:5      | Noticed a sky beast
  2855 | D:5      | Killed a sky beast
  2855 | D:5      | Reached skill level 4 in Translocations
  2861 | D:5      | HP: 1/51 [orc/+0 flail (3)]
  3203 | D:5      | Noticed an ice beast
  3226 | D:5      | Slain by an ice beast

Skill      XL: |  1  2  3  4  5  6 |
---------------+-------------------+-----
Shields        | 1 2 |  2.2
Throwing       | 1 |  1.0
Long Blades    | 3 |  3.9
Fighting       | 3 |  3.3
Dodging        | 3 |  3.2
Translocations | 4 |  4.1
Spellcasting   | 3 |  3.0

Action                   |  1- 3 |  4- 6 || total
-------------------------+-------+-------++-------
Melee: Falchion          |    75 |    73 ||   148
       Tailslap          |     8 |    30 ||    38
       Long sword        |       |   193 ||   193
Throw: Tomahawk          |       |     5 ||     5
 Cast: Blink             |       |     1 ||     1
       Shroud of Golubri |       |     3 ||     3
  Use: Potion            |       |     3 ||     3
       Scroll            |       |     1 ||     1
 Stab: Distracted        |       |     1 ||     1
       Sleeping          |       |     1 ||     1
  Eat: Chunk             |       |     8 ||     8
Armor: Skin              |    12 |    69 ||    81
Dodge: Dodged            |    32 |   150 ||   182
Block: Buckler           |    16 |    75 ||    91
       Rpst.: Falchion   |     5 |    17 ||    22
       Long sword        |       |    29 ||    29
